 Dungeon Crawl Stone Soup version 0.30.1-11-g7821555f0a (webtiles) character file.

Game seed: 11995998896040353572

24873 jagang the Fighter (level 12, -3/98 HPs)
             Began as a Demonspawn Fighter on Dec 13, 2023.
             Was a High Priest of Makhleb.
             Slain by an orc knight
             ... wielding a +0 war axe
              (18 damage)
             ... on level 2 of the Orcish Mines.
             The game lasted 01:00:52 (12750 turns).

jagang the Fighter (Demonspawn Fighter)            Turns: 12750, Time: 01:00:53

Health: -3/98      AC: 36    Str: 21    XL:     12   Next: 84%
Magic:  17/17      EV:  9    Int:  9    God:    Makhleb [*****.]
Gold:   961        SH:  6    Dex: 14    Spells: 11/11 levels left

rFire   . . .        n - +9 club
rCold   . . .        c - +0 buckler
rNeg    + . .        b - +3 pearl dragon scales
rPois   .            (helmet restricted)
rElec   .            y - +2 cloak
rCorr   .            r - +0 pair of gloves
SInv    .            (no boots)
Will    .....        M - amulet of the acrobat Stlth
                     k - +4 ring of protection
HPRegen 0.36/turn    t - +4 ring of protection
MPRegen 0.15/turn

%: acrobat
@: sanguine armoured
A: horns 1, demonic guardian 2, ignite blood 3, sanguine armour 1
a: Renounce Religion, Minor Destruction, Lesser Servant of Makhleb, Major
Destruction, Greater Servant of Makhleb


You were on level 2 of the Orcish Mines.
You worshipped Makhleb.
Makhleb was extremely pleased with you.
You visited 4 branches of the dungeon, and saw 15 of its levels.
You also visited: Ossuary and Bailey.

You collected 2514 gold pieces.
You spent 1553 gold pieces at shops.

Inventory:

Hand Weapons
 n - a +9 club (weapon)
 F - a +3 flail
Missiles
 u - 13 boomerangs
 H - 15 poisoned darts (quivered)
 P - 7 datura-tipped darts
 S - 3 curare-tipped darts
 T - 5 atropa-tipped darts
 U - 2 javelins
Armour
 b - +3 pearl dragon scales (worn)
 c - a +0 buckler (worn)
 r - a +0 pair of gloves (worn)
 y - a +2 cloak (worn)
Jewellery
 k - a +4 ring of protection (left hand)
 t - a +4 ring of protection (right hand)
 M - an amulet of the acrobat (around neck)
Wands
 w - a wand of mindburst (10)
 B - a wand of light (6)
 K - a wand of charming (19)
 N - a wand of iceblast (6)
 Z - a wand of flame (12)
Scrolls
 g - 5 scrolls of enchant weapon
 m - 4 scrolls of blinking
 x - a scroll of fear
 z - 5 scrolls of teleportation
 W - a scroll of silence
 X - 2 scrolls of fog
Potions
 a - 2 potions of mutation
 d - a potion of might
 f - 7 potions of curing
 i - a potion of invisibility
 j - 2 potions of haste
 p - 2 potions of cancellation
 q - a potion of resistance
 v - 2 potions of heal wounds {unknown}
 A - 2 potions of experience {unknown}
 C - a potion of ambrosia {unknown}
 D - 2 potions of flight {unknown}
 J - a potion of brilliance {unknown}
 Y - a potion of berserk rage {unknown}


   Skills:
 + Level 10.5 Fighting
 - Level 1.7(6.1) Axes
 + Level 9.2(9.3) Maces & Flails
 + Level 4.7 Throwing
 + Level 9.7 Armour
 + Level 9.6 Shields
 - Level 7.0 Invocations
 - Level 5.2 Evocations


You had 11 spell levels left.
You didn't know any spells.
Your spell library contained the following spells:

 Spells                   Type           Power      Damage    Failure   Level
 Beastly Appendage        Tmut           0%         N/A       78%         1
 Blink                    Tloc           0%         N/A       89%         2
 Static Discharge         Conj/Air       0%         2-2/arc   89%         2
 Wereblood                Tmut           0%         N/A       89%         2
 Dazzling Flash           Conj/Hex       0%         N/A       98%         3
 Frozen Ramparts          Ice            0%         1d1       98%         3
 Spider Form              Tmut/Pois      0%         N/A       98%         3
 Vhi's Electric Charge    Tloc/Air       0%         N/A       98%         3
 Volatile Blastmotes      Fire/Tloc      0%         2d10      98%         3
 Airstrike                Air            0%         2d(0-16)  100%        4
 Animate Dead             Necr           0%         N/A       100%        4
 Ice Form                 Ice/Tmut       0%         N/A       100%        4
 Iskenderun's Mystic Bla  Conj/Tloc      0%         2d3       100%        4
 Manifold Assault         Tloc           0%         N/A       100%        4
 Summon Ice Beast         Ice/Summ       0%         N/A       100%        4
 Summon Lightning Spire   Summ/Air       0%         N/A       100%        4
 Arcjolt                  Conj/Air       0%         1d10      100%        5
 Borgnjor's Vile Clutch   Necr/Erth      0%         N/A       100%        5
 Death Channel            Necr           0%         N/A       100%        6
 Starburst                Conj/Fire      0%         6d3       100%        6
 Storm Form               Tmut/Air       0%         N/A       100%        7
 Maxwell's Capacitive Co  Air            0%         ∞         100%        8


Dungeon Overview and Level Annotations

Branches:
Dungeon (11/15)            Temple (1/1) D:7            Lair (1/5) D:9
    Orc (2/2) D:11            Elf (0/3) Orc:2       Ossuary (visited)
 Bailey (visited)

Altars:
Ashenzari
Cheibriados
Dithmenos
Fedhas
Gozag
Hepliaklqana
Kikubaaqudgha
Makhleb
Nemelex Xobeh
Okawaru
Qazlal
Ru
Sif Muna
Trog
Uskayaw
Vehumet
Wu Jian
Xom
Yredelemnul

Shops:
D:4 ![*   D:7 ?   Orc:1 (


Innate Abilities, Weirdness & Mutations

You have a pair of small horns on your head.
A demonic guardian rushes to your aid.
Your demonic aura causes all spilled blood to erupt in flames.
When seriously injured, your blood forms armour. (AC +6)


Message History

The orc high priest is moderately wounded.
The orc high priest calls down the wrath of Beogh upon you.
Pain shoots through your body!
* * * LOW HITPOINT WARNING * * *
The orc knight roars a battlecry!
The orc knight goes into a battle-frenzy!
You sock the orc high priest!
The orc high priest is heavily wounded.
You closely miss the orc high priest.
The orc high priest is heavily wounded.
The orc high priest mumbles some strange prayers to Beogh against you.
You resist with significant effort.
You barely miss the orc high priest.
The orc high priest is heavily wounded.
The orc high priest utters an invocation to Beogh.
The orc knight completely misses you.
You hit the orc high priest.
The orc high priest is severely wounded.
The orc knight completely misses you.
The orc knight roars a battlecry!
The orc high priest is engulfed in blazing flames.
The orc high priest hits you but does no damage.
Unknown command.
You barely miss the orc high priest. You headbutt the orc high priest!
The orc high priest is almost dead.
The orc knight hits you with a +0 war axe!
* * * LOW HITPOINT WARNING * * *
A demonic guardian appears!
The orc high priest is engulfed in blazing flames.
You kill the orc high priest!
Makhleb accepts your kill.
You feel better.
The sun demon disappears in a puff of smoke!
The sixfirhy disappears in a puff of smoke!
The orc knight hits you with a +0 war axe!
* * * LOW HITPOINT WARNING * * *
You feel better.
Your ice devil hits the orc knight but does no damage.
The orc knight hits you with a +0 war axe!!
You die...

#...........# ##.#....# #..
#..).....(...# ###...## ##.
...........##### #..## ##
...........(##.## ####
.....##.....(##.# .....#
#......#)###
.....###......4§).#
.)...##.......)o###
..<...#.......)☼@#
.............#§o##
............##.o.#
##........)###.o.######
##........#...)).##..#
##....).....).))#...# ###.....
#.......##...#......####.......
##.....####..#..)...##.........
##.#.## ##.........#..........


You could see 2 orc knights, an orc high priest (strong), an orc warrior
(strong) and a friendly ice devil (summoned).

Vanquished Creatures
  An orc warlord (Orc:2)
  4 two-headed ogres
  Erica (D:9)
  5 orc high priests (Orc:2)
  Urug (D:11)
  Nergalle (D:10)
  4 orc knights
  2 cyclopes (D:11)
  3 orc sorcerers
  Joseph (D:7)
  An unseen horror (D:11)
  Psyche (D:9)
  4 trolls (D:11)
  A hornet (D:9)
  Sigmund (D:2)
  A yak (D:11)
  5 shadows
  3 wraiths (D:11)
  2 wyverns
  2 steam dragons
  4 vampire mosquitoes (D:11)
  Grum (D:9)
  A warg (Orc:1)
  An acid dragon (D:10)
  A water moccasin (D:6)
  A sky beast (D:7)
  2 ice beasts
  5 ogres
  22 orc warriors
  2 black bears
  3 wolves (D:9)
  2 centaurs
  A phantom (D:6)
  6 kobold brigands
  2 gnoll sergeants (D:5)
  A scorpion (D:5)
  20 killer bees
  9 howler monkeys
  6 hounds
  24 orc priests
  4 iguanas
  A sleepcap (D:7)
  12 orc wizards
  8 mummies (Ossuary)
  Robin (D:2)
  11 gnolls
  4 adders
  An ufetubus (D:6)
  A worm (D:3)
  A dart slug (D:4)
  61 orcs
  7 endoplasms
  A giant cockroach (D:1)
  3 gnoll zombies (Ossuary)
  17 goblins
  15 hobgoblins
  12 jackals
  4 quokkas
  9 ball pythons
  11 bats
  6 frilled lizards
  2 hobgoblin zombies (Ossuary)
  22 kobolds
  A kobold zombie (Ossuary)
  2 orc zombies (Ossuary)
  5 rats
380 creatures vanquished.

Vanquished Creatures (collateral kills)
  A two-headed ogre (D:10)
  A boulder beetle (D:11)
  A wyvern (D:8)
  2 orc warriors (Orc:2)
  A centaur (D:10)
  A killer bee (D:8)
  2 orc priests
  2 orc wizards
  5 orcs
16 creatures vanquished.

Vanquished Creatures (others)
  A killer bee (D:9)
  An orc priest (Orc:2)
  2 orc wizards
  A shadow imp (D:7)
5 creatures vanquished.

Grand Total: 401 creatures vanquished

Notes
Turn   | Place    | Note
-------+----------+-------------------------------------------
     0 | D:1      | jagang the Demonspawn Fighter began the quest for the Orb.
     0 | D:1      | Reached XP level 1. HP: 18/18 MP: 1/1
    97 | D:1      | Gained mutation: Your demonic aura sometimes causes spilled
                  | blood to erupt in flames. [demonic ancestry]
    97 | D:1      | Reached XP level 2. HP: 24/24 MP: 2/2
   204 | D:1      | Reached skill level 1 in Maces & Flails
   245 | D:1      | Gained mutation: Your demonic aura often causes spilled
                  | blood to erupt in flames. [demonic ancestry]
   245 | D:1      | Reached XP level 3. HP: 29/29 MP: 3/3
   587 | D:2      | Found a faded altar of an unknown god.
   630 | D:2      | Reached XP level 4. HP: 17/35 MP: 4/4
   842 | D:2      | Noticed Sigmund
   847 | D:2      | Killed Sigmund
   848 | D:2      | Reached skill level 4 in Fighting
   848 | D:2      | Reached XP level 5. HP: 16/42 MP: 5/5
  1001 | D:2      | Noticed Robin
  1007 | D:2      | Gained mutation: A weak demonic guardian rushes to your
                  | aid. [demonic ancestry]
  1007 | D:2      | Reached XP level 6. HP: 35/48 MP: 6/6
  1011 | D:2      | Killed Robin
  1972 | D:4      | Reached XP level 7. HP: 55/55 MP: 7/7
  2074 | D:4      | Found Sawecocw's General Store.
  2083 | D:4      | Bought a potion of curing for 33 gold pieces
  2083 | D:4      | Bought a scroll of fear for 44 gold pieces
  2083 | D:4      | Bought a scroll of identify for 22 gold pieces
  2103 | D:4      | Found Wedghuf's Armour Emporium.
  2136 | D:4      | Found Evvelues's Distillery.
  2153 | D:4      | Bought a potion of degeneration for 13 gold pieces
  2228 | D:5      | Entered Level 5 of the Dungeon
  2257 | D:5      | Found a sand-covered staircase.
  2329 | Ossuary  | Entered an ossuary
  2381 | Ossuary  | Reached skill level 5 in Fighting
  2933 | D:5      | Reached skill level 5 in Shields
  2943 | D:5      | Reached skill level 5 in Armour
  2943 | D:5      | Gained mutation: Your demonic aura causes all spilled blood
                  | to erupt in flames. [demonic ancestry]
  2943 | D:5      | Reached XP level 8. HP: 48/63 MP: 8/8
  3019 | D:5      | Found an ornate altar of the Wu Jian Council.
  3869 | D:6      | Reached skill level 6 in Fighting
  4234 | D:6      | Reached skill level 5 in Maces & Flails
  4495 | D:7      | Reached XP level 9. HP: 49/71 MP: 9/9
  4630 | D:7      | Found a staircase to the Ecumenical Temple.
  4632 | D:7      | Noticed Joseph
  4641 | D:7      | Killed Joseph
  4674 | Temple   | Entered the Ecumenical Temple
  4775 | Temple   | Became a worshipper of Makhleb the Destroyer
  4973 | D:7      | Reached skill level 7 in Fighting
  5169 | D:7      | Found Foneafiq's Magic Scroll Boutique.
  5183 | D:7      | Bought a scroll of identify for 26 gold pieces
  5183 | D:7      | Bought a scroll of identify for 26 gold pieces
  5183 | D:7      | Bought a scroll of identify for 26 gold pieces
  5511 | D:8      | Reached * piety under Makhleb
  5833 | D:8      | Found a shimmering blue altar of Sif Muna.
  5833 | D:8      | Found an opulent altar of Gozag.
  5839 | D:8      | Found a shadowy altar of Dithmenos.
  5841 | D:8      | Found a sacrificial altar of Ru.
  5843 | D:8      | Found a faded altar of an unknown god.
  5991 | D:9      | Noticed Psyche
  6006 | D:9      | Killed Psyche
  6027 | D:9      | Gained mutation: You have a pair of small horns on your
                  | head. [demonic ancestry]
  6027 | D:9      | Reached XP level 10. HP: 80/80 MP: 10/10
  6059 | D:9      | Found a flagged portal.
  6084 | Bailey   | Entered a bailey
  6260 | Bailey   | Noticed an orc knight
  6270 | Bailey   | Reached skill level 1 in Invocations
  6278 | Bailey   | Reached skill level 1 in Evocations
  6281 | Bailey   | Reached skill level 8 in Fighting
  6286 | Bailey   | Killed an orc knight
  6388 | Bailey   | Found a burning altar of Makhleb.
  6473 | D:9      | Noticed a two-headed ogre
  6478 | D:9      | Reached ** piety under Makhleb
  6483 | D:9      | Killed a two-headed ogre
  6583 | D:9      | Noticed a two-headed ogre
  6614 | D:9      | Killed a two-headed ogre
  6924 | D:9      | Noticed Grum
  6934 | D:9      | Killed Grum
  7012 | D:9      | Found a staircase to the Lair.
  7324 | D:9      | Noticed Erica
  7341 | D:9      | Killed Erica
  7342 | D:9      | Reached skill level 1 in Throwing
  7459 | D:9      | Gained mutation: A demonic guardian rushes to your aid.
                  | [demonic ancestry]
  7459 | D:9      | Reached XP level 11. HP: 87/87 MP: 14/14
  7603 | D:9      | Noticed a two-headed ogre
  7619 | D:9      | Killed a two-headed ogre
  7701 | D:10     | Entered Level 10 of the Dungeon
  7780 | D:10     | Noticed a two-headed ogre
  7789 | D:10     | Killed a two-headed ogre
  7790 | D:10     | Reached skill level 5 in Invocations
  7993 | D:10     | Noticed Nergalle
  8007 | D:10     | Killed Nergalle
  8144 | D:10     | Reached *** piety under Makhleb
  8341 | D:10     | Noticed a skeletal warrior
  8341 | D:10     | Noticed a deep elf pyromancer
  8602 | D:11     | Noticed Urug
  8627 | D:11     | Killed Urug
  8628 | D:11     | Reached skill level 9 in Fighting
  8769 | D:11     | Identified the +0 scale mail "Rick" {rPois}
  8897 | D:11     | Noticed a two-headed ogre
  8905 | D:11     | Killed a two-headed ogre
  8961 | D:11     | Noticed a boulder beetle
  9051 | D:11     | Killed a boulder beetle
  9358 | D:11     | Found a staircase to the Orcish Mines.
  9787 | D:11     | Reached skill level 5 in Evocations
 10004 | D:11     | Gained mutation: When seriously injured, your blood forms
                  | armour. (AC +6) [demonic ancestry]
 10004 | D:11     | Reached XP level 12. HP: 49/96 MP: 17/17
 10569 | Lair:1   | Entered Level 1 of the Lair of Beasts
 10758 | D:4      | Bought +1 pearl dragon scales for 1363 gold pieces
 10889 | Orc:1    | Entered Level 1 of the Orcish Mines
 10908 | Orc:1    | Found an iron altar of Okawaru.
 10986 | Orc:1    | Found Byppenk's Weapon Shoppe.
 11090 | Orc:1    | Paralysed by an orc sorcerer for 4 turns
 11408 | Orc:2    | Entered Level 2 of the Orcish Mines
 11419 | Orc:2    | Paralysed by an orc sorcerer for 3 turns
 11636 | Orc:2    | Noticed an orc high priest
 11653 | Orc:2    | Reached **** piety under Makhleb
 11656 | Orc:2    | Killed an orc high priest
 11747 | Orc:2    | Noticed an orc warlord
 11789 | Orc:2    | Killed an orc warlord
 11917 | Orc:2    | Reached skill level 10 in Fighting
 11971 | Orc:2    | Found a staircase to the Elven Halls.
 12472 | Orc:2    | Reached ***** piety under Makhleb
 12668 | Orc:2    | Noticed an orc high priest
 12670 | Orc:2    | Noticed an orc high priest
 12671 | Orc:2    | Noticed an orc high priest
 12679 | Orc:2    | Killed an orc high priest
 12679 | Orc:2    | Noticed an orc high priest
 12680 | Orc:2    | Noticed an orc high priest
 12682 | Orc:2    | Killed an orc high priest
 12737 | Orc:2    | Killed an orc high priest
 12749 | Orc:2    | Killed an orc high priest
 12750 | Orc:2    | Slain by an orc knight

Illustrated notes

Levels and vault maps discovered:
D:1:      amcnicky_arrival_feature_with_door, layout_rooms
D:2:      layout_basic, hellmonk_ecumenical_altar_prayer_group, uniq_sigmund,
          uniq_robin
D:3:      layout_rooms
D:4:      layout_rooms, serial_shops,
          nicolae_shop_temple_entry_statues_fountains, shop, nicolae_shop_trees,
          kennysheep_generic_room_6
D:5:      layout_basic, pdpol_wu_jian_five_deadly_venoms,
          nicolae_ossuary_entry_plus
D:6:      layout_basic, kennysheep_cross_room
D:7:      layout_rooms, serial_shops, nicolae_shop_tiny_statue_garden,
          uniq_joseph
D:8:      layout_cave_pools, chequers_temple_overflow_minitemple,
          serial_column_ruins, column_ruins_hut_ruined, column_ruins_hut_water,
          column_ruins_grid_1, column_ruins_open_small, column_ruins_open_small,
          column_ruins_columns_straight, minivault_24, dk_noncrumbling_4
D:9:      layout_loops_corners, lair_entry_dummy, enter_bailey_4, uniq_grum,
          uniq_psyche, uniq_erica
D:10:     layout_loops_corners, lightli_corner_chamber, uniq_nergalle
D:11:     minmay_razor_zed, layout_loops_ring, minmay_orc_entry_temple_small,
          uniq_urug
Temple:   minmay_crystal_spiral_temple
Lair:1:   layout_layer_cave, gammafunk_ghost_cemetery,
          infiniplex_staircase_pool, grunt_megastairs_5, lemuel_fruit_tree
Orc:1:    layout_diamond_mine, serial_shops, nicolae_shop_scrapyard,
          david_defended_altar_orc
Orc:2:    st_orc_pillars, layout_diamond_mine, lemuel_statue_altar

Skill      XL: |  1  2  3  4  5  6  7  8  9 10 11 12 |
---------------+-------------------------------------+-----
Shields        | 3 4 5 6 7 8 9 |  9.6
Maces & Flails | 1 2 3 4 5 6 7 8 9 |  9.2
Armour         | 3 4 5 6 7 8 9 |  9.7
Fighting       | 4 5 6 7 8 9 10 | 10.5
Invocations    | 4 6 7 |  7.0
Evocations     | 3 5 |  5.2
Throwing       | 1 3 4 |  4.7
Axes           | |  1.7

Action                     |  1- 3 |  4- 6 |  7- 9 | 10-12 || total
---------------------------+-------+-------+-------+-------++-------
  Melee: War axe           |    86 |    33 |       |       ||   119
         Club              |       |    66 |   336 |   504 ||   906
         Headbutt          |       |       |       |   114 ||   114
  Throw: Dart              |       |       |     2 |    54 ||    56
         Boomerang         |       |       |       |   127 ||   127
         Javelin           |       |       |       |     4 ||     4
 Invoke: Minor Destruction |       |       |       |     2 ||     2
         Lesser Servant of |       |       |       |     2 ||     2
         Major Destruction |       |       |       |     1 ||     1
  Evoke: Wand              |       |       |     3 |     3 ||     6
    Use: Scroll            |       |       |    16 |     8 ||    24
         Potion            |       |       |     2 |     4 ||     6
 Armour: Scale mail        |    36 |    81 |     8 |       ||   125
         Chain mail        |       |       |   282 |    35 ||   317
         Plate armour      |       |       |       |   212 ||   212
         Pearl dragon scal |       |       |       |   100 ||   100
  Dodge: Dodged            |    33 |    67 |   199 |   194 ||   493
  Block: Buckler           |    23 |    29 |   136 |   161 ||   349
